BR
WASHINGTON DC HOT SAUCE @ ONTARIO EMUS
08/15/2026
 
TOP OF THE 1ST
Washington DC Hot Sauce batting - Pitching for Ontario Emus : RHP Alejandro Hernández
Pitching: RHP Alejandro Hernández
Batting: RHB Javier González 0-0: Ball
1-0: Ball
2-0: Swinging Strike
2-1: Ball
3-1: Base on Balls
Batting: LHB John White 0-0: Ball
1-0: Grounds into double play, 4-6-3 (Groundball, 34)
Batting: LHB Pedro Camacho 0-0: Ball
1-0: Called Strike
1-1: Ball
2-1: Ball
3-1: Ground out U3 (Groundball, 3S)
Top of the 1st over - 0 run(s), 0 hit(s), 0 error(s), 0 left on base; Washington DC 0 - Ontario 0
BOTTOM OF THE 1ST
Ontario Emus batting - Pitching for Washington DC Hot Sauce : RHP Carlos Madraso
Pitching: RHP Carlos Madraso
Batting: RHB Álex Ochoa 0-0: Called Strike
0-1: Ball
1-1: Ground out U3 (Groundball, 3)
Batting: RHB Ánibal Soto 0-0: Fly out, F8 (Flyball, 8RXD)
Batting: RHB James Hunter 0-0: Ground out 5-3 (Groundball, 5L)
Bottom of the 1st over - 0 run(s), 0 hit(s), 0 error(s), 0 left on base; Washington DC 0 - Ontario 0
TOP OF THE 2ND
Washington DC Hot Sauce batting - Pitching for Ontario Emus : RHP Alejandro Hernández
Batting: RHB Júlio García 0-0: Ball
1-0: Ground out 6-3 (Groundball, 6)
Batting: LHB Esteban Zamora 0-0: Ground out U3 (Groundball, 3)
Batting: RHB Manuel Martínez 0-0: Called Strike
0-1: Called Strike
0-2: Strikes out looking
Top of the 2nd over - 0 run(s), 0 hit(s), 0 error(s), 0 left on base; Washington DC 0 - Ontario 0
BOTTOM OF THE 2ND
Ontario Emus batting - Pitching for Washington DC Hot Sauce : RHP Carlos Madraso
Batting: RHB Vernon Sterling 0-0: Ball
1-0: Ball
2-0: Ball
3-0: Base on Balls
Batting: RHB Carlos Estrada 0-0: Ball
1-0: Called Strike
1-1: Ball
2-1: Grounds into double play, 6-4-3 (Groundball, 6)
Batting: RHB Álex Martínez 0-0: Called Strike
0-1: Ground out 6-3 (Groundball, 6)
Bottom of the 2nd over - 0 run(s), 0 hit(s), 0 error(s), 0 left on base; Washington DC 0 - Ontario 0
TOP OF THE 3RD
Washington DC Hot Sauce batting - Pitching for Ontario Emus : RHP Alejandro Hernández
Batting: RHB Conner Riley 0-0: Called Strike
0-1: Called Strike
0-2: Ball
1-2: Ball
2-2: Foul Ball, location: 2F
2-2: Fly out, F7 (Flyball, 7LM)
Batting: LHB Roderick Delgado 0-0: Ball
1-0: Ball
2-0: SINGLE (Line Drive, 3S)
Batting: RHB Jake Reeves 0-0: Ball
1-0: Called Strike
1-1: Ball
2-1: Swinging Strike
2-2: Strikes out swinging
Batting: RHB Javier González 0-0: Foul Ball, location: 2F
0-1: Ball
1-1: Ball
2-1: Fielders Choice at 2nd, U6 (Groundball, 6M)
Top of the 3rd over - 0 run(s), 1 hit(s), 0 error(s), 1 left on base; Washington DC 0 - Ontario 0
BOTTOM OF THE 3RD
Ontario Emus batting - Pitching for Washington DC Hot Sauce : RHP Carlos Madraso
Batting: RHB John Robertson 0-0: Called Strike
0-1: Ground out 1-3 (Groundball, 15S)
Batting: LHB Dave Raines 0-0: Ball
1-0: Called Strike
1-1: Ball
2-1: Foul Ball, location: 2F
2-2: Strikes out looking
Batting: LHB Elvin Summers 0-0: Swinging Strike
0-1: Foul Ball, location: 2F
0-2: Strikes out swinging
Bottom of the 3rd over - 0 run(s), 0 hit(s), 0 error(s), 0 left on base; Washington DC 0 - Ontario 0
TOP OF THE 4TH
Washington DC Hot Sauce batting - Pitching for Ontario Emus : RHP Alejandro Hernández
Batting: LHB John White 0-0: Ball
1-0: SOLO HOME RUN (Flyball, 89XD), Distance : 431 ft
Batting: LHB Pedro Camacho 0-0: Foul Ball, location: 2F
0-1: Called Strike
0-2: SINGLE (Groundball, 3D)
Batting: RHB Júlio García 0-0: Ball
1-0: Ball
2-0: Foul Ball, location: 2F
2-1: Swinging Strike
2-2: Ball
3-2: Strikes out swinging
Batting: LHB Esteban Zamora 0-0: Called Strike
0-1: Swinging Strike
0-2: Ball
1-2: Foul Ball, location: 2F
1-2: Foul Ball, location: 2F
1-2: Grounds into double play, 4-6-3 (Groundball, 4)
Top of the 4th over - 1 run(s), 2 hit(s), 0 error(s), 0 left on base; Washington DC 1 - Ontario 0
BOTTOM OF THE 4TH
Ontario Emus batting - Pitching for Washington DC Hot Sauce : RHP Carlos Madraso
Batting: RHB Álex Ochoa 0-0: Ball
1-0: SINGLE (Flyball, 9M)
Batting: RHB Ánibal Soto 0-0: Swinging Strike
0-1: Grounds into double play, 4-6-3 (Groundball, 4)
Batting: RHB James Hunter 0-0: Called Strike
0-1: Ball
1-1: Ball
2-1: Fly out, F8 (Flyball, 8RM)
Bottom of the 4th over - 0 run(s), 1 hit(s), 0 error(s), 0 left on base; Washington DC 1 - Ontario 0
TOP OF THE 5TH
Washington DC Hot Sauce batting - Pitching for Ontario Emus : RHP Alejandro Hernández
Batting: RHB Manuel Martínez 0-0: Called Strike
0-1: Ball
1-1: Ground out 6-3 (Groundball, 6D)
Batting: RHB Conner Riley 0-0: Ball
1-0: Ball
2-0: Called Strike
2-1: Ground out 5-3 (Groundball, 5S)
Batting: LHB Roderick Delgado 0-0: Called Strike
0-1: Ball
1-1: Ball
2-1: Foul Ball, location: 2F
2-2: Foul Ball, location: 2F
2-2: Ball
3-2: Fly out, F5 (Line Drive, 5L)
Top of the 5th over - 0 run(s), 0 hit(s), 0 error(s), 0 left on base; Washington DC 1 - Ontario 0
BOTTOM OF THE 5TH
Ontario Emus batting - Pitching for Washington DC Hot Sauce : RHP Carlos Madraso
Batting: RHB Vernon Sterling 0-0: Foul Ball, location: 2F
0-1: SINGLE (Line Drive, 34D)
Batting: RHB Carlos Estrada 0-0: SINGLE (Line Drive, 89S)
Vernon Sterling to second
Batting: RHB Álex Martínez 0-0: Called Strike
0-1: Ball
1-1: Foul Ball, location: 2F
1-2: Ground out 5-3 (Groundball, 15S)
Vernon Sterling to third
Carlos Estrada to second
Batting: RHB John Robertson 0-0: Called Strike
0-1: Ball
1-1: Swinging Strike
1-2: Ball
2-2: Reached on error, E4 (Groundball, 4)
Vernon Sterling scores
Carlos Estrada to third
Batting: LHB Dave Raines 0-0: Fielders Choice at 2nd, 3-6 (Groundball, 3)
Carlos Estrada scores
Batting: LHB Elvin Summers 0-0: Ground out 4-3 (Groundball, 4)
Bottom of the 5th over - 2 run(s), 2 hit(s), 1 error(s), 1 left on base; Washington DC 1 - Ontario 2
TOP OF THE 6TH
Washington DC Hot Sauce batting - Pitching for Ontario Emus : RHP Alejandro Hernández
Batting: RHB Jake Reeves 0-0: Ball
1-0: Ball
2-0: Foul Ball, location: 2F
2-1: Ground out 1-3 (Groundball, 2R)
Batting: RHB Javier González 0-0: Called Strike
0-1: Foul Ball, location: 2F
0-2: Strikes out looking
Batting: LHB John White 0-0: Called Strike
0-1: Ball
1-1: Ground out U3 (Groundball, 3L)
Top of the 6th over - 0 run(s), 0 hit(s), 0 error(s), 0 left on base; Washington DC 1 - Ontario 2
BOTTOM OF THE 6TH
Ontario Emus batting - Pitching for Washington DC Hot Sauce : RHP Carlos Madraso
Batting: RHB Álex Ochoa 0-0: Ball
1-0: Ball
2-0: Foul Ball, location: 2F
2-1: Fly out, F9 (Flyball, 89M)
Batting: RHB Ánibal Soto 0-0: Called Strike
0-1: Ball
1-1: Ball
2-1: Ball
3-1: Foul Ball, location: 2F
3-2: Ground out 5-3 (Groundball, 15S)
Batting: RHB James Hunter 0-0: Ball
1-0: Ball
2-0: Foul Ball, location: 2F
2-1: Ground out 1-3 (Groundball, 15)
Bottom of the 6th over - 0 run(s), 0 hit(s), 0 error(s), 0 left on base; Washington DC 1 - Ontario 2
TOP OF THE 7TH
Washington DC Hot Sauce batting - Pitching for Ontario Emus : RHP Alejandro Hernández
Batting: LHB Pedro Camacho 0-0: Ball
1-0: Ball
2-0: Foul Ball, location: 2F
2-1: Swinging Strike
2-2: Ball
3-2: Strikes out looking
Pitching: RHP Ánibal Hernández
Batting: RHB Júlio García 0-0: Foul Ball, location: 2F
0-1: Foul Ball, location: 2F
0-2: Ball
1-2: Ball
2-2: Fly out, F8 (Flyball, 8LM)
Pitching: LHP José Aragón
Batting: LHB Esteban Zamora 0-0: Ball
1-0: Ball
2-0: Fly out, F8 (Flyball, 8RD)
Top of the 7th over - 0 run(s), 0 hit(s), 0 error(s), 0 left on base; Washington DC 1 - Ontario 2
BOTTOM OF THE 7TH
Ontario Emus batting - Pitching for Washington DC Hot Sauce : RHP Carlos Madraso
Batting: RHB Vernon Sterling 0-0: Ball
1-0: Ball
2-0: Called Strike
2-1: Foul Ball, location: 2F
2-2: Strikes out swinging, 2-3 out at first.
Batting: RHB Carlos Estrada 0-0: Ball
1-0: Called Strike
1-1: Called Strike
1-2: Ball
2-2: Strikes out swinging
Batting: RHB Álex Martínez 0-0: Called Strike
0-1: Fly out, F4 (Popup, 34)
Bottom of the 7th over - 0 run(s), 0 hit(s), 0 error(s), 0 left on base; Washington DC 1 - Ontario 2
TOP OF THE 8TH
Washington DC Hot Sauce batting - Pitching for Ontario Emus : LHP José Aragón
Pitching: LHP Rick Davis
Now at 1B: Darrel Lang
Now at 3B: Jack Crossey
Now in RF: Albert Galindo
Batting: RHB Manuel Martínez 0-0: Ball
1-0: Foul Ball, location: 2F
1-1: Ball
2-1: Swinging Strike
2-2: Ball
3-2: Foul Ball, location: 2F
3-2: Ground out 6-3 (Groundball, 6M)
Batting: RHB Conner Riley 0-0: Called Strike
0-1: Called Strike
0-2: Ball
1-2: Strikes out swinging
Pitching: LHP Albert Martin
Batting: LHB Roderick Delgado 0-0: Ball
1-0: Ground out 4-3 (Groundball, 34)
Top of the 8th over - 0 run(s), 0 hit(s), 0 error(s), 0 left on base; Washington DC 1 - Ontario 2
BOTTOM OF THE 8TH
Ontario Emus batting - Pitching for Washington DC Hot Sauce : RHP Carlos Madraso
Batting: RHB John Robertson 0-0: Fly out, F8 (Flyball, 8LM)
Batting: LHB Dave Raines 0-0: Ball
1-0: Ball
2-0: Foul Ball, location: 2F
2-1: Ball
3-1: Foul Ball, location: 2F
3-2: Base on Balls
Pitching: RHP Pat Hanna
Pinch Hitting: RHB Júlio Colón 0-0: Called Strike
0-1: Ball
1-1: Ball
2-1: Swinging Strike
2-2: Strikes out swinging
Pinch Hitting: RHB Gustavo Medine 0-0: Ball
1-0: Called Strike
1-1: Swinging Strike
1-2: 2-RUN HOME RUN (Flyball, 7D), Distance : 401 ft
Batting: RHB Ánibal Soto 0-0: Called Strike
0-1: Ball
1-1: Ball
2-1: Called Strike
2-2: Strikes out swinging
Bottom of the 8th over - 2 run(s), 1 hit(s), 0 error(s), 0 left on base; Washington DC 1 - Ontario 4
TOP OF THE 9TH
Washington DC Hot Sauce batting - Pitching for Ontario Emus : LHP Albert Martin
Pitching: LHP Walt MacKey
Now in LF: César Maldonado
Now in CF: Bob Corrigan
Batting: RHB Jake Reeves 0-0: Ground out 6-3 (Groundball, 6)
Batting: RHB Javier González 0-0: Ball
1-0: Swinging Strike
1-1: Called Strike
1-2: Foul Ball, location: 2F
1-2: SINGLE (Groundball, 4MD)
Batting: LHB John White 0-0: Called Strike
0-1: Foul Ball, location: 2F
0-2: Ball
1-2: Ball
2-2: Foul Ball, location: 2F
2-2: Grounds into double play, 4-6-3 (Groundball, 34)
Top of the 9th over - 0 run(s), 1 hit(s), 0 error(s), 0 left on base; Washington DC 1 - Ontario 4
Monday, December 5th, 2016 - OOTP Baseball 17.12 Build 75